EVO
UNIVERSITY OF MICHIGAN WOLVERINES @ CLEMSON UNIVERSITY TIGERS
08/17/2049
 
TOP OF THE 1ST
University of Michigan Wolverines batting - Pitching for Clemson University Tigers : LHP Salvatore Vasquez
Pitching: LHP Salvatore Vasquez
Batting: RHB Gerard Gordijn 0-0: Foul Ball, location: 2F
0-1: Ball
1-1: Swinging Strike
1-2: Ball
2-2: Ball
3-2: Base on Balls
Batting: RHB Wendell Sarkies 0-0: Ball
1-0: Foul Ball, location: 2F
1-1: Swinging Strike
1-2: Fly out, F3 (Popup, 3, EV 75.0 MPH)
Batting: RHB Walter Fisher 0-0: Foul Ball, location: 2F
0-1: Ball
1-1: Ball
2-1: Ball
3-1: DOUBLE (Line Drive, 3D, EV 95.0 MPH)
Gerard Gordijn to third
Batting: RHB Mike Harden 0-0: Called Strike
0-1: Foul Ball, location: 2F
0-2: SINGLE (Groundball, 56D, EV 100.6 MPH)
Gerard Gordijn scores
Walter Fisher to third
Throwing error, E7
Walter Fisher scores
Mike Harden to second
Batting: RHB Chris Williamson 0-0: Called Strike
0-1: Ball
1-1: Fly out, F7 (Flyball, 7LS, EV 83.8 MPH)
Batting: RHB Angus Shanahan 0-0: SINGLE (Line Drive, 9LS, EV 113.8 MPH)
Mike Harden to third
Runner from 3rd tries for Home, SAFE, throw by RF to home
Batting: SHB Elvis Hoying 0-0: Ball
1-0: Ground out 4-3 (Groundball, 4, EV 81.9 MPH)
Top of the 1st over - 3 runs, 3 hits, 1 error, 1 left on base; University of Michigan 3 - Clemson University 0
BOTTOM OF THE 1ST
Clemson University Tigers batting - Pitching for University of Michigan Wolverines : RHP Adam Timmons
Pitching: RHP Adam Timmons
Batting: LHB Steve Gates 0-0: Called Strike
0-1: Ball
1-1: Ball
2-1: Ground out 6-3 (Groundball, 56, EV 109.4 MPH)
Batting: LHB Santiago Carrillo 0-0: DOUBLE (Line Drive, 5D, EV 108.8 MPH)
Batting: RHB Marco Maggs 0-0: Foul Ball, location: 2F
0-1: Ground out 6-3 (Groundball, 6M, EV 85.0 MPH)
Santiago Carrillo to third
Batting: RHB Josh LeSage 0-0: Ball
1-0: Ball
2-0: SINGLE (Groundball, 25, EV 62.5 MPH) (infield hit)
Santiago Carrillo scores
Batting: LHB Jochen Salt 0-0: Ball
1-0: Foul Ball, location: 2F
1-1: Fly out, F7 (Flyball, 78M, EV 86.9 MPH)
Bottom of the 1st over - 1 run, 2 hits, 0 errors, 1 left on base; University of Michigan 3 - Clemson University 1
TOP OF THE 2ND
University of Michigan Wolverines batting - Pitching for Clemson University Tigers : LHP Salvatore Vasquez
Batting: RHB Remie Braakman 0-0: Ball
1-0: Ball
2-0: Ball
3-0: Base on Balls
Batting: LHB Lance Sabo 0-0: Ball
1-0: Fly out, F9 (Line Drive, 9, EV 89.4 MPH)
Batting: RHB Gerard Gordijn 0-0: Called Strike
0-1: Ball
1-1: Ball
2-1: Foul Ball, location: 2F
2-2: SINGLE (Groundball, 34D, EV 95.0 MPH)
Remie Braakman to second
Runner from 2nd tries for 3rd, OUT! 9-5
Gerard Gordijn to second
Batting: RHB Wendell Sarkies 0-0: Ball
1-0: Fly out, F9 (Flyball, 9LM, EV 88.8 MPH)
Top of the 2nd over - 0 runs, 1 hit, 0 errors, 1 left on base; University of Michigan 3 - Clemson University 1
BOTTOM OF THE 2ND
Clemson University Tigers batting - Pitching for University of Michigan Wolverines : RHP Adam Timmons
Batting: RHB Jason Duncan 0-0: Called Strike
0-1: Foul Ball, location: 2F
0-2: Strikes out swinging
Batting: LHB David Fiedler 0-0: Swinging Strike
0-1: Foul Ball, location: 2F
0-2: Hit by Pitch
Batting: RHB Danny Gutierrez 0-0: Grounds into double play, 6-4-3 (Groundball, 6, EV 91.9 MPH)
Bottom of the 2nd over - 0 runs, 0 hits, 0 errors, 0 left on base; University of Michigan 3 - Clemson University 1
TOP OF THE 3RD
University of Michigan Wolverines batting - Pitching for Clemson University Tigers : LHP Salvatore Vasquez
Batting: RHB Walter Fisher 0-0: Ball
1-0: Ball
2-0: Ball
3-0: Base on Balls
Batting: RHB Mike Harden 0-0: Ball
1-0: Grounds out, U3 (Groundball, 3L, EV 84.4 MPH)
Batting: RHB Chris Williamson 0-0: Ball
1-0: Foul Ball, location: 2F
1-1: Ball
2-1: Called Strike
2-2: Fly out, F8 (Flyball, 89D, EV 90.6 MPH)
Batting: RHB Angus Shanahan 0-0: Foul Ball, location: 2F
0-1: Ball
1-1: Ball
2-1: Ball
3-1: Ground out 5-3 (Groundball, 56, EV 108.8 MPH)
Top of the 3rd over - 0 runs, 0 hits, 0 errors, 1 left on base; University of Michigan 3 - Clemson University 1
BOTTOM OF THE 3RD
Clemson University Tigers batting - Pitching for University of Michigan Wolverines : RHP Adam Timmons
Batting: RHB David Rhodes 0-0: SINGLE (Flyball, 78M, EV 93.1 MPH)
Batting: LHB Steve Gates 0-0: Swinging Strike
0-1: Reached on error, E4 (Groundball, 4D, EV 101.9 MPH)
David Rhodes to second
Batting: LHB Santiago Carrillo 0-0: Called Strike
0-1: Ball
1-1: Called Strike
1-2: Ball
2-2: Ball
3-2: Base on Balls
David Rhodes to third
Steve Gates to second
Batting: RHB Marco Maggs 0-0: Called Strike
0-1: Ball
1-1: Ball
2-1: Fly out, F9 (Line Drive, 9, EV 95.6 MPH)
Runner from 3rd tags up, SCORES, throw by RF
Steve Gates to third
Batting: RHB Josh LeSage Balk!
Steve Gates scores
Santiago Carrillo to second
0-0: Ball
1-0: Foul Ball, location: 2F
1-1: Swinging Strike
1-2: Ball
2-2: SINGLE (Line Drive, 89S, EV 103.1 MPH)
Santiago Carrillo to third
Batting: LHB Jochen Salt 0-0: Fielders Choice at 2nd, 5-4 (Groundball, 56S, EV 81.9 MPH)
Santiago Carrillo scores
Batting: RHB Jason Duncan 0-0: Foul Ball, location: 2F
0-1: Ball
1-1: Ball
2-1: Fly out, F8 (Flyball, 8LS, EV 86.2 MPH)
Bottom of the 3rd over - 3 runs, 2 hits, 1 error, 1 left on base; University of Michigan 3 - Clemson University 4
TOP OF THE 4TH
University of Michigan Wolverines batting - Pitching for Clemson University Tigers : LHP Salvatore Vasquez
Batting: SHB Elvis Hoying 0-0: Swinging Strike
0-1: Ball
1-1: Ball
2-1: Swinging Strike
2-2: Strikes out looking
Batting: RHB Remie Braakman 0-0: Ball
1-0: Called Strike
1-1: Ground out 6-3 (Groundball, 6, EV 81.2 MPH)
Batting: LHB Lance Sabo 0-0: Ball
1-0: Ball
2-0: Swinging Strike
2-1: Ball
3-1: Base on Balls
Batting: RHB Gerard Gordijn 0-0: Ball
1-0: Foul Ball, location: 2F
1-1: Ball
2-1: Ball
3-1: Called Strike
3-2: Base on Balls
Lance Sabo to second
Batting: RHB Wendell Sarkies 0-0: Ball
1-0: Ball
2-0: Ball
3-0: Base on Balls
Lance Sabo to third
Gerard Gordijn to second
Batting: RHB Walter Fisher 0-0: Ball
1-0: Ball
2-0: SINGLE (Line Drive, 4MD, EV 103.8 MPH)
Lance Sabo scores
Gerard Gordijn to third
Wendell Sarkies to second
Runner from 3rd tries for Home, throw by CF and OUT! 8-2
Top of the 4th over - 1 run, 1 hit, 0 errors, 2 left on base; University of Michigan 4 - Clemson University 4
BOTTOM OF THE 4TH
Clemson University Tigers batting - Pitching for University of Michigan Wolverines : RHP Adam Timmons
Batting: LHB David Fiedler 0-0: Called Strike
0-1: Ground out 5-3 (Groundball, 56S, EV 89.4 MPH)
Batting: RHB Danny Gutierrez 0-0: Ball
1-0: Fly out, F8 (Flyball, 8RD, EV 88.8 MPH)
Batting: RHB David Rhodes 0-0: Fly out, F8 (Flyball, 8RD, EV 98.1 MPH)
Bottom of the 4th over - 0 runs, 0 hits, 0 errors, 0 left on base; University of Michigan 4 - Clemson University 4
TOP OF THE 5TH
University of Michigan Wolverines batting - Pitching for Clemson University Tigers : LHP Salvatore Vasquez
Now in CF: George Jedinak
Batting: RHB Mike Harden 0-0: Ball
1-0: Ball
2-0: Ball
3-0: Called Strike
3-1: Base on Balls
Batting: RHB Chris Williamson 0-0: Swinging Strike
0-1: Foul Ball, location: 2F
0-2: 2-RUN HOME RUN (Flyball, 7D, EV 95.0 MPH), Distance : 378 ft
Pitching: RHP David Padron
Batting: RHB Angus Shanahan 0-0: SOLO HOME RUN (Flyball, 7LD, EV 95.0 MPH), Distance : 360 ft
Batting: SHB Elvis Hoying 0-0: Ball
1-0: DOUBLE (Flyball, 8RD, EV 100.0 MPH)
Pitching: LHP Jonathan Hughes
Batting: RHB Remie Braakman 0-0: Swinging Strike
0-1: Ball
1-1: Foul Ball, location: 2F
1-2: Ball
2-2: Strikes out swinging
Batting: LHB Lance Sabo 0-0: Ball
1-0: Fly out, F8 (Flyball, 8LS, EV 88.1 MPH)
Batting: RHB Gerard Gordijn 0-0: Ball
1-0: Called Strike
1-1: Foul Ball, location: 2F
1-2: Ball
2-2: Ball
3-2: SINGLE (Line Drive, 34, EV 106.2 MPH)
Elvis Hoying to third
Runner from 3rd tries for Home, SAFE, throw by RF to home
Batting: RHB Wendell Sarkies 0-0: Ball
1-0: Called Strike
1-1: Foul Ball, location: 2F
1-2: Ball
2-2: SINGLE (Flyball, 3D, EV 85.6 MPH)
Gerard Gordijn to second
Runner from 2nd tries for 3rd, SAFE, throw by RF made to third
Batting: RHB Walter Fisher 0-0: Fly out, F5 (Popup, 25F, EV 84.4 MPH)
Top of the 5th over - 4 runs, 5 hits, 0 errors, 2 left on base; University of Michigan 8 - Clemson University 4
BOTTOM OF THE 5TH
Clemson University Tigers batting - Pitching for University of Michigan Wolverines : RHP Adam Timmons
Batting: LHB Steve Gates 0-0: Fly out, F9 (Flyball, 9, EV 98.8 MPH)
Batting: LHB Santiago Carrillo 0-0: Called Strike
0-1: Foul Ball, location: 2F
0-2: Ground out 6-3 (Groundball, 6, EV 86.9 MPH)
Batting: RHB Marco Maggs 0-0: Ball
1-0: Foul Ball, location: 2F
1-1: Fly out, F5 (Line Drive, 5, EV 70.6 MPH)
Bottom of the 5th over - 0 runs, 0 hits, 0 errors, 0 left on base; University of Michigan 8 - Clemson University 4
TOP OF THE 6TH
University of Michigan Wolverines batting - Pitching for Clemson University Tigers : LHP Jonathan Hughes
Pitching: RHP Dustin DeMent
Batting: RHB Mike Harden 0-0: Ball
1-0: Called Strike
1-1: Ball
2-1: Ball
3-1: Fly out, F9 (Flyball, 9D, EV 91.2 MPH)
Batting: RHB Chris Williamson 0-0: Foul Ball, location: 2F
0-1: Ball
1-1: Foul Ball, location: 2F
1-2: Strikes out swinging
Batting: RHB Angus Shanahan 0-0: Ball
1-0: Called Strike
1-1: Ball
2-1: Swinging Strike
2-2: Ground out 6-3 (Groundball, 6, EV 91.9 MPH)
Top of the 6th over - 0 runs, 0 hits, 0 errors, 0 left on base; University of Michigan 8 - Clemson University 4
BOTTOM OF THE 6TH
Clemson University Tigers batting - Pitching for University of Michigan Wolverines : RHP Adam Timmons
Batting: RHB Josh LeSage 0-0: Foul Ball, location: 2F
0-1: Ball
1-1: Ball
2-1: Fly out, F8 (Flyball, 89M, EV 93.1 MPH)
Batting: LHB George Jedinak 0-0: Foul Ball, location: 2F
0-1: Ball
1-1: Foul Ball, location: 2F
1-2: Ball
2-2: Ground out 6-3 (Groundball, 6S, EV 63.8 MPH)
Batting: RHB Jason Duncan 0-0: Called Strike
0-1: Called Strike
0-2: Ball
1-2: Ground out 6-3 (Groundball, 6, EV 83.1 MPH)
Bottom of the 6th over - 0 runs, 0 hits, 0 errors, 0 left on base; University of Michigan 8 - Clemson University 4
TOP OF THE 7TH
University of Michigan Wolverines batting - Pitching for Clemson University Tigers : RHP Dustin DeMent
Batting: SHB Elvis Hoying 0-0: Ground out 4-3 (Groundball, 4, EV 80.6 MPH)
Batting: RHB Remie Braakman 0-0: Fly out, F7 (Flyball, 7D, EV 103.1 MPH)
Batting: LHB Lance Sabo 0-0: Foul Ball, location: 2F
0-1: Called Strike
0-2: Ball
1-2: Ball
2-2: Ball
3-2: Foul Ball, location: 2F
3-2: Fly out, F8 (Flyball, 8LD, EV 101.2 MPH)
Top of the 7th over - 0 runs, 0 hits, 0 errors, 0 left on base; University of Michigan 8 - Clemson University 4
BOTTOM OF THE 7TH
Clemson University Tigers batting - Pitching for University of Michigan Wolverines : RHP Adam Timmons
Batting: LHB David Fiedler 0-0: Called Strike
0-1: Ground out U3 (Groundball, 3L, EV 105.6 MPH)
Batting: RHB Danny Gutierrez 0-0: Ground out 6-3 (Groundball, 6, EV 78.1 MPH)
Batting: RHB David Rhodes 0-0: Reached on error, E8 (Line Drive, 8LD, EV 91.9 MPH)
Batting: LHB Steve Gates 0-0: Called Strike
0-1: Ball
1-1: Ball
2-1: Ball
3-1: Foul Ball, location: 2F
3-2: DOUBLE (Line Drive, 78XD, EV 105.6 MPH)
David Rhodes scores
Pitching: LHP Danny Warner
Batting: LHB Santiago Carrillo 0-0: Ball
1-0: Called Strike
1-1: Foul Ball, location: 2F
1-2: Ball
2-2: Ground out 5-3 (Groundball, 56, EV 79.4 MPH)
Bottom of the 7th over - 1 run, 1 hit, 1 error, 1 left on base; University of Michigan 8 - Clemson University 5
TOP OF THE 8TH
University of Michigan Wolverines batting - Pitching for Clemson University Tigers : RHP Dustin DeMent
Batting: RHB Gerard Gordijn 0-0: Called Strike
0-1: Swinging Strike
0-2: Foul Ball, location: 2F
0-2: Strikes out looking
Batting: RHB Wendell Sarkies 0-0: Swinging Strike
0-1: Fly out, F9 (Flyball, 9LM, EV 90.6 MPH)
Batting: RHB Walter Fisher 0-0: SOLO HOME RUN (Flyball, 78XD, EV 100.0 MPH), Distance : 423 ft
Batting: RHB Mike Harden 0-0: Ball
1-0: Ground out 6-3 (Groundball, 6, EV 90.0 MPH)
Top of the 8th over - 1 run, 1 hit, 0 errors, 0 left on base; University of Michigan 9 - Clemson University 5
BOTTOM OF THE 8TH
Clemson University Tigers batting - Pitching for University of Michigan Wolverines : LHP Danny Warner
Pitching: RHP Wendell Thomsen
Batting: RHB Marco Maggs 0-0: Foul Ball, location: 2F
0-1: Ball
1-1: Foul Ball, location: 2F
1-2: Ball
2-2: Strikes out swinging
Batting: RHB Josh LeSage 0-0: Ball
1-0: Swinging Strike
1-1: Foul Ball, location: 2F
1-2: SOLO HOME RUN (Flyball, 8RXD, EV 110.6 MPH), Distance : 454 ft
Batting: LHB George Jedinak 0-0: Called Strike
0-1: Foul Ball, location: 2F
0-2: Ball
1-2: Foul Ball, location: 2F
1-2: Foul Ball, location: 2F
1-2: Foul Ball, location: 2F
1-2: Ground out 6-3 (Groundball, 6, EV 99.4 MPH)
Batting: RHB Jason Duncan 0-0: Foul Ball, location: 2F
0-1: Foul Ball, location: 2F
0-2: Strikes out swinging
Bottom of the 8th over - 1 run, 1 hit, 0 errors, 0 left on base; University of Michigan 9 - Clemson University 6
TOP OF THE 9TH
University of Michigan Wolverines batting - Pitching for Clemson University Tigers : RHP Dustin DeMent
Batting: RHB Chris Williamson 0-0: Foul Ball, location: 2F
0-1: Swinging Strike
0-2: Ball
1-2: Foul Ball, location: 2F
1-2: Ground out 1-3 (Groundball, 13S, EV 63.8 MPH)
Batting: RHB Angus Shanahan 0-0: Foul Ball, location: 2F
0-1: SINGLE (Groundball, 5D, EV 94.4 MPH)
Pinch Hitting: LHB Dakota Kaempf 0-0: Called Strike
0-1: Ball
1-1: Ball
2-1: DOUBLE (Line Drive, 7LS, EV 89.4 MPH)
Angus Shanahan to third
Pitching: RHP Trevor Doyle
Batting: RHB Remie Braakman 0-0: Fly out, F9 (Flyball, 9S, EV 95.0 MPH)
Batting: LHB Lance Sabo 0-0: Called Strike
0-1: Called Strike
0-2: Ground out 4-3 (Groundball, 4, EV 75.6 MPH)
Top of the 9th over - 0 runs, 2 hits, 0 errors, 2 left on base; University of Michigan 9 - Clemson University 6
BOTTOM OF THE 9TH
Clemson University Tigers batting - Pitching for University of Michigan Wolverines : RHP Wendell Thomsen
Pitching: RHP Tom DuBois
Now at 1B: Murdock Cranton
Now at 2B: Phillip Blake
Now in RF: Lance Sabo
Batting: LHB David Fiedler 0-0: SINGLE (Line Drive, 7S, EV 97.5 MPH)
Pinch Hitting: LHB Mario Nunez 0-0: Called Strike
0-1: Called Strike
0-2: Grounds into double play, 6-4-3 (Groundball, 6, EV 87.5 MPH)
Pinch Hitting: LHB Alfredo Padilla 0-0: Called Strike
0-1: SINGLE (Line Drive, 78S, EV 92.5 MPH)
Batting: LHB Steve Gates 0-0: Ball
1-0: Foul Ball, location: 2F
1-1: Ball
2-1: Fly out, F8 (Line Drive, 78M, EV 91.9 MPH)
Bottom of the 9th over - 0 runs, 2 hits, 0 errors, 1 left on base; University of Michigan 9 - Clemson University 6
Sunday, July 16th , 2023 - OOTP Baseball 24.6 Build 69